Map: Golden Wall LE

Players

LiquidClem (Clem)

  • Race: Terran Terran
  • League: Grandmaster
  • Spawn Location: 7:00

Neeblet (Neeb) - Winner!

  • Race: Protoss Protoss
  • Spawn Location: 5:00

VOD

https://youtu.be/k1ZOy36KmB0

Description

Time

  • Played on: July 27, 2020, 3:32 p.m.
  • Length: 9:37
Show
View Real Time Build Order
Export as new Build Order

LiquidClem Terran 

Build Orders: Reaper Expand 

Get SALT Encoding   

  12  0:00  SCV  
  13  0:12  SCV  
  14  0:17  Supply Depot  
  14  0:24  SCV  
  15  0:39  SCV  
  15  0:40  Barracks  
  16  0:43  Refinery  
  16  0:51  SCV  
  17  1:03  SCV  
  18  1:15  SCV  
  19  1:27  Reaper  
  19  1:28  Orbital Command  
  20  1:43  Command Center  
  20  1:51  Supply Depot  
  20  1:54  SCV  
  20  1:59  Barracks Reactor  
  21  2:06  Barracks  
  21  2:10  SCV  
  22  2:16  Bunker  
  22  2:22  SCV  
  22  2:32  Barracks  
  22  2:34  SCV  
  22  2:35  Marine  
  22  2:36  Marine  
  25  2:46  SCV  
  26  2:53  Marine  
  26  2:54  Marine  
  26  2:55  Orbital Command  
  26  2:58  Barracks Tech Lab  
  28  3:00  SCV  
  29  3:11  Marine  
  29  3:12  SCV, Marine  
  32  3:16  Stimpack, Marine  
  32  3:18  Barracks Tech Lab  
  33  3:22  SCV  
  34  3:28  SCV, Marine  
  34  3:32  Supply Depot, Marine  
  36  3:34  Marine  
  36  3:35  SCV  
  36  3:38  Combat Shield  
  36  3:40  Marine  
  39  3:42  SCV  
  39  3:46  Marine  
  39  3:47  SCV  
  42  3:50  Marine  
  42  3:52  Marine  
  42  3:54  Supply Depot  
  42  3:55  SCV  
  45  3:58  Marine  
  46  4:04  Marine  
  46  4:05  Supply Depot  
  46  4:08  Engineering Bay  
  47  4:10  Marauder  
  47  4:11  Marine  
  47  4:15  SCV  
  47  4:16  Marauder  
  53  4:18  SCV  
  53  4:21  Refinery  
  54  4:25  Factory  
  54  4:27  SCV  
  54  4:30  Marine  
  56  4:31  Refinery  
  56  4:32  Marine  
  56  4:36  Marauder, SCV  
  56  4:38  Marauder  
  62  4:39  SCV  
  63  4:46  Supply Depot  
  63  4:48  SCV  
  63  4:51  SCV  
  65  4:56  Marine x2  
  65  4:58  Marauder  
  69  5:00  SCV  
  69  5:06  SCV  
  70  5:07  Supply Depot  
  70  5:08  Marauder  
  70  5:12  SCV  
  72  5:20  Marauder  
  68  5:22  SCV  
  68  5:26  SCV  
  70  5:29  Marauder, Supply Depot  
  70  5:31  Starport  
  70  5:32  Marine x2  
  70  5:34  SCV  
  75  5:38  SCV  
  75  5:39  Factory Reactor  
  75  5:40  Supply Depot  
  76  5:45  Marauder  
  78  5:50  SCV, Supply Depot  
  78  5:51  SCV  
  78  5:53  Refinery  
  78  5:56  Marine x2  
  82  6:01  Terran Infantry Weapons Level 1  
  82  6:03  SCV  
  83  6:05  SCV  
  83  6:06  Supply Depot, Marine  
  83  6:09  Marauder  
  86  6:15  SCV  
  86  6:17  SCV  
  88  6:22  Marine x2  
  88  6:25  Marauder  
  94  6:27  SCV  
  94  6:29  SCV  
  94  6:30  Medivac  
  98  6:34  Factory Reactor  
  98  6:38  Medivac  
  98  6:39  SCV  
  99  6:41  Command Center, SCV  
  99  6:42  Supply Depot  
  99  6:46  Marauder  
  102  6:47  Marine x2  
  102  6:51  Supply Depot  
  102  6:52  SCV  
  105  6:55  Concussive Shells  
  105  6:57  Marauder  
  105  6:59  SCV  
  108  7:04  SCV  
  108  7:06  Barracks  
  109  7:08  Barracks  
  109  7:09  Medivac  
  109  7:11  Marine  
  109  7:14  Marine  
  115  7:16  Marauder  
  115  7:18  Widow Mine  
  115  7:20  Widow Mine  
  115  7:21  SCV  
  118  7:22  Marauder  
  118  7:27  SCV  
  114  7:33  SCV  
  116  7:37  Marauder  
  116  7:39  SCV  
  116  7:40  Widow Mine  
  117  7:45  Medivac, SCV  
  117  7:50  Widow Mine  
  123  7:51  SCV  
  123  7:54  Ghost Academy  
  123  7:56  Barracks Reactor, Barracks Tech Lab  
  123  7:58  SCV  
  124  8:01  Marine x2  
  126  8:07  Viking  
  126  8:09  SCV  
  126  8:12  Supply Depot  
  129  8:15  Orbital Command  
  129  8:19  SCV  
  130  8:21  SCV  
  130  8:25  Supply Depot  
  130  8:26  Ghost  
  132  8:34  SCV, Marine x3  
  133  8:35  Supply Depot  
  133  8:38  Widow Mine  
  133  8:39  Marauder  
  133  8:41  Marine  
  141  8:43  Viking, Orbital Command  
  141  8:46  Supply Depot  
  141  8:50  SCV  
  141  8:52  Ghost  
  141  8:54  SCV  
  135  9:00  Marine x2  
  129  9:04  Ghost  
  129  9:05  Marine x2  
  129  9:07  Marauder  
  110  9:18  Marine x2  
Show
View Real Time Build Order
Export as new Build Order

Neeblet Protoss - Winner!

Build Orders: 1 Gate Expand 

Get SALT Encoding   

  12  0:00  Probe  
  13  0:13  Probe  
  14  0:18  Pylon  
  14  0:25  Probe  
  15  0:35  Probe  
  15  0:36  Gateway  
  16  0:44  Probe  
  16  0:49  Assimilator  
  17  0:54  Probe  
  18  1:06  Probe  
  20  1:18  Probe  
  20  1:24  Cybernetics Core  
  20  1:37  Nexus  
  20  1:42  Pylon  
  20  1:45  Probe  
  21  1:49  Assimilator  
  21  1:50  Adept  
  24  2:03  Shield Battery  
  24  2:05  Probe  
  24  2:09  Warp Gate  
  24  2:10  Stalker  
  24  2:17  Probe  
  27  2:29  Probe  
  28  2:41  Twilight Council, Probe  
  29  2:45  Probe  
  30  2:53  Probe x2  
  32  3:01  Charge  
  32  3:03  Probe  
  32  3:05  Robotics Facility, Probe  
  33  3:11  Gateway  
  34  3:15  Probe  
  36  3:20  Probe  
  36  3:27  Probe  
  37  3:35  Gateway  
  37  3:36  Gateway  
  37  3:37  Probe  
  38  3:42  Warp Prism  
  38  3:43  Probe  
  39  3:49  Probe  
  42  3:56  Pylon, Probe  
  42  4:02  Probe  
  44  4:05  Stalker  
  46  4:10  Pylon  
  46  4:14  Probe x2  
  48  4:18  Pylon, Assimilator  
  48  4:21  Observer  
  49  4:29  Zealot x4  
  49  4:31  Probe  
  58  4:32  Probe  
  59  4:41  Assimilator  
  59  4:42  Observer  
  62  4:48  Pylon  
  60  4:54  Zealot x3  
  60  4:55  Zealot  
  60  4:57  Probe x2  
  70  5:06  Immortal  
  68  5:23  Probe  
  68  5:24  Robotics Bay  
  68  5:25  Observer  
  68  5:26  Sentry x2  
  71  5:31  Forge  
  71  5:33  Pylon  
  71  5:34  Probe  
  72  5:35  Probe  
  72  5:40  Zealot x2  
  77  5:46  Pylon  
  77  5:55  Observer  
  78  5:57  Protoss Ground Weapons Level 1  
  78  5:58  Nexus  
  78  6:01  Extended Thermal Lance  
  78  6:05  Probe x2, Colossus  
  80  6:16  Observer  
  80  6:17  Probe  
  81  6:24  Blink  
  87  6:28  Probe  
  87  6:30  Pylon  
  87  6:31  Pylon  
  88  6:36  Probe  
  89  6:40  Probe  
  89  6:43  Colossus  
  89  6:45  Stalker, Sentry  
  94  6:50  Probe  
  94  6:53  Shield Battery  
  95  6:55  Pylon  
  95  7:00  Probe  
  102  7:14  Probe x2  
  104  7:18  Zealot x4  
  104  7:22  Probe  
  113  7:26  Probe  
  113  7:29  Colossus  
  110  7:44  Stalker x4  
  110  7:50  Gateway  
  118  7:53  Gateway  
  118  7:55  Gateway  
  118  7:58  Gateway  
  118  8:02  Pylon  
  118  8:09  Sentry x2  
  118  8:10  Stalker x2  
  126  8:13  Probe x3  
  129  8:22  Pylon  
  129  8:28  Photon Cannon  
  129  8:30  Assimilator  
  129  8:36  Assimilator  
  129  8:40  Photon Cannon  
  129  8:42  Photon Cannon, Zealot  
  129  8:43  Zealot x3  
  129  8:45  Pylon  
  129  8:46  Zealot x2  
  136  8:55  Stalker x2  
  133  9:06  Stalker x5  
  137  9:11  Probe  
  113  9:25  Stalker x3  
Tags
 
Add a new tag
Caveats
  • Supply blocks, unpowered buildings, or Contaminate may cause inaccurate times.
  • Supply counts are checked every 10 seconds.